 Dungeon Crawl Stone Soup version 0.23-a0-607-g760965b (webtiles) character file.

47 MalarOregon the Poker (level 3, -10/29 HPs)
             Began as a Merfolk Gladiator on Dec 20, 2018.
             Killed by divine providence
             ... invoked by an orc priest
              (16 damage)
             ... on level 3 of the Dungeon.
             The game lasted 00:01:46 (1394 turns).

MalarOregon the Poker (Merfolk Gladiator)           Turns: 1394, Time: 00:01:48

Health: -10/29     AC:  5    Str: 15    XL:     3   Next: 70%
Magic:  3/3        EV: 14    Int:  7    God:
Gold:   169        SH:  0    Dex: 15    Spells: 2/2 levels left

rFire    . . .     SeeInvis .   a - +0 trident
rCold    . . .     Gourm    .   (no shield)
rNeg     . . .     Faith    .   b - +0 leather armour
rPois    .         Spirit   .   c - +0 helmet
rElec    .         Reflect  .   p - +0 cloak
rCorr    .         Harm     .   (no gloves)
MR       .....                  (no boots)
Stlth    +.........             (no amulet)
HPRegen  0.09/turn              (no ring)
MPRegen  0.08/turn              (no ring)

@: no status effects
A: change form in water, swift swim, stealthy swim
a: no special abilities


You were on level 3 of the Dungeon.
You were hungry.

You visited 1 branch of the dungeon, and saw 3 of its levels.

You collected 169 gold pieces.

Inventory:

Hand Weapons
 a - a +0 trident (weapon)
 r - a +0 blowgun
   (You took it off a kobold on level 3 of the Dungeon)
Missiles
 d - 3 throwing nets (quivered) {!f}
 s - 3 poisoned needles
Armour
 b - a +0 leather armour (worn)
 c - a +0 helmet (worn)
 j - a cursed +0 ring mail
   (You found it on level 1 of the Dungeon)
 p - a +0 cloak (worn)
   (You found it on level 2 of the Dungeon)
Jewellery
 n - a cursed ring of teleportation {unknown}
   (You found it on level 1 of the Dungeon)
Scrolls
 g - 3 scrolls of identify {unknown}
 k - a scroll of teleportation {unknown}
 m - 2 scrolls of enchant weapon {unknown}
 o - a scroll of remove curse {unknown}
Potions
 f - a potion of degeneration {unknown}
 i - a potion of curing {unknown}
 l - a potion of heal wounds {unknown}
 q - 2 potions of magic {unknown}
 t - 2 potions of agility {unknown}
Comestibles
 e - 5 rations {!d}
 h - 6 chunks of flesh


   Skills:
 + Level 3.4 Fighting
 + Level 5.6 Polearms
 - Level 2.0 Throwing
 - Level 4.0 Dodging


You had 2 spell levels left.
You didn't know any spells.
Your spell library was empty.

Dungeon Overview and Level Annotations

Branches:
Dungeon (3/15)

Altars:


Message History

Things that are here:
a +0 mace; an orc skeleton A kobold comes into view.
It is wielding a +0 whip.
Things that are here:
a +0 mace; an orc skeleton A kobold is nearby!
A kobold is nearby!
A kobold is nearby!
An orc comes into view.
Attack whom?
Aim: a kobold, wielding a +0 whip (hasn't noticed you)
You reach to attack!
You closely miss the kobold.
The kobold shouts!
You are feeling hungry.
The orc shouts!
You hear a shout!
You puncture the kobold!
You kill the kobold!
Things that are here:
a +0 mace; an orc skeleton You puncture the orc!
You kill the orc!
An orc comes into view. It is wielding a +0 club.
Attack whom?
Aim: an orc, wielding a +0 club You reach to attack!
You barely miss the orc.
Your leather armour prevents you from hitting the orc.
An orc warrior comes into view. It is wielding a +0 halberd.
The orc misses you.
You completely miss the orc.
The orc warrior shouts!
The orc hits you with a +0 club.
You completely miss the orc.
An orc priest comes into view. It is wielding a +0 club.
The orc warrior barely misses you. The orc barely misses you.
You hit the orc but do no damage. The orc warrior closely misses you.
The orc hits you but does no damage.
You puncture the orc!
You kill the orc!
The orc warrior hits you from afar with a +0 halberd!!
Ouch! That really hurt!
* * * LOW HITPOINT WARNING * * *
Things that are here:
a +0 mace; an orc skeleton
Things that are here:
a +0 whip; a kobold corpse You see here a +0 club.
The orc priest mumbles some strange prayers to Beogh against you.
Beogh smites you!
Ouch! That really hurt!
You die...

......###.### #.).#...
#.#†#..# #.#)#..#
###.#.#..#####
#............#
#.#.#.#..###.####
#.#.#.#..o......#######
#...#o#......#@<.......
###..##o#####.[#..#######
........# #..#..#
###...### #.>#..#
###..o#######..#..#
......)).o.)...#..#
####....#####.##..#
#..?... ...# #.##.###


You could see an orc priest.

Vanquished Creatures
  A worm (D:3)
  A dart slug (D:1)
  A leopard gecko (D:1)
  3 orcs (D:3)
  A ball python (D:1)
  3 bats
  A giant cockroach (D:2)
  5 goblins
  6 hobgoblins
  2 frilled lizards (D:1)
  6 kobolds
  7 rats
37 creatures vanquished.

Notes
Turn   | Place    | Note
-------+----------+-------------------------------------------
     0 | D:1      | MalarOregon the Merfolk Gladiator began the quest for the
                  | Orb.
     0 | D:1      | Reached XP level 1. HP: 16/16 MP: 1/1
    93 | D:1      | Reached XP level 2. HP: 19/23 MP: 2/2
   200 | D:1      | Reached skill level 5 in Polearms
   646 | D:1      | Reached XP level 3. HP: 29/29 MP: 3/3
  1370 | D:3      | Noticed an orc warrior
  1394 | D:3      | Killed from afar by an orc priest

Vault maps used:
D:1:      dpeg_arrival_simpleton_b
D:2:      nicolae_overflow_hidden_temple
D:3:      lemuel_doored_altar, lemuel_coloured_pillars_altar, uniq_natasha

Skill      XL: |  1  2 |
---------------+-------+-----
Polearms       | 5 |  5.6
Fighting       | 3 |  3.4
Throwing       | |  2.0
Dodging        | |  4.0

Action                   || total
-------------------------++-------
Melee: Trident           ||   104
 Stab: Sleeping          ||     1
  Eat: Chunk             ||     1
Armor: Leather armour    ||    24
Dodge: Dodged            ||    65

Table legend:
 A = Non-vault XP
 B = Vault XP
 C = Vault XP percentage of total XP
 D = Non-vault monster count
 E = Vault monster count
 F = Vault count percentage of total count
                 A         B        C        D         E       F
            +---------+---------+-------+---------+---------+-------
      Total |      68 |       0 |   0.0 |      37 |       0 |   0.0
            +---------+---------+-------+---------+---------+-------
        D:1 |      38 |       0 |   0.0 |      23 |       0 |   0.0
        D:2 |       9 |       0 |   0.0 |       6 |       0 |   0.0
        D:3 |      21 |       0 |   0.0 |       8 |       0 |   0.0
            +---------+---------+-------+---------+---------+-------
